Map: Oxide LE

Players

ShoWTimE

  • Race: Protoss Protoss
  • League: Master
  • Spawn Location: 1:00

Serral - Winner!

  • Race: Zerg Zerg
  • League: Master
  • Spawn Location: 7:00

Event: TSL 6

VOD

Have the link to the VOD?

Description

Time

  • Played on: Dec. 19, 2020, 2:51 p.m.
  • Length: 10:05

All games in this series

Show
View Real Time Build Order
Export as new Build Order

ShoWTimE Protoss 

Build Orders: 1 Gate Expand, Oracle Opening 

Get SALT Encoding   

  12  0:00  Probe  
  13  0:12  Probe  
  14  0:18  Pylon  
  14  0:24  Probe  
  15  0:37  Probe (Chrono Boost)  
  15  0:40  Gateway  
  16  0:46  Probe (Chrono Boost)  
  16  0:49  Assimilator  
  17  0:51  Probe (Chrono Boost)  
  18  1:03  Probe  
  19  1:15  Probe  
  20  1:26  Nexus  
  20  1:37  Cybernetics Core  
  20  1:39  Probe  
  21  1:44  Assimilator  
  21  1:51  Probe  
  21  1:54  Pylon  
  22  2:03  Probe (Chrono Boost)  
  23  2:10  Adept (Chrono Boost)  
  23  2:15  Probe (Chrono Boost)  
  26  2:17  Stargate  
  26  2:22  Probe (Chrono Boost)  
  27  2:25  Warp Gate  
  27  2:29  Probe (Chrono Boost)  
  27  2:33  Adept  
  30  2:38  Probe (Chrono Boost)  
  32  2:47  Probe (Chrono Boost)  
  32  2:49  Probe (Chrono Boost)  
  33  2:54  Void Ray (Chrono Boost), Probe x2 (Chrono Boost)  
  35  3:05  Probe x2  
  40  3:09  Adept  
  43  3:12  Pylon  
  43  3:17  Probe  
  43  3:18  Probe  
  45  3:24  Gateway  
  45  3:29  Probe  
  45  3:30  Probe, Oracle (Chrono Boost)  
  50  3:41  Probe  
  50  3:42  Probe  
  50  3:47  Pylon  
  52  3:53  Probe  
  52  3:55  Probe  
  54  3:59  Nexus  
  54  4:05  Probe  
  54  4:07  Probe  
  54  4:14  Assimilator  
  54  4:15  Pylon  
  54  4:16  Assimilator  
  52  4:17  Probe (Chrono Boost)  
  52  4:19  Stargate  
  52  4:21  Probe (Chrono Boost)  
  52  4:22  Void Ray  
  54  4:29  Probe (Chrono Boost)  
  60  4:36  Probe (Chrono Boost)  
  60  4:37  Probe (Chrono Boost)  
  61  4:43  Probe  
  61  4:44  Adept, Probe  
  65  4:48  Pylon  
  65  4:55  Probe  
  65  4:56  Probe  
  67  5:00  Void Ray x2 (Chrono Boost)  
  67  5:01  Shield Battery  
  75  5:11  Probe (Chrono Boost)  
  75  5:12  Probe x2 (Chrono Boost)  
  78  5:15  Twilight Council  
  78  5:16  Assimilator  
  78  5:20  Assimilator  
  81  5:24  Gateway x2  
  78  5:28  Gateway  
  78  5:32  Shield Battery  
  78  5:37  Shield Battery  
  78  5:38  Shield Battery  
  78  5:39  Void Ray (Chrono Boost)  
  78  5:40  Pylon, Void Ray (Chrono Boost)  
  78  5:41  Probe  
  83  5:48  Pylon  
  87  5:55  Pylon  
  87  6:03  Pylon  
  87  6:07  Void Ray (Chrono Boost)  
  87  6:08  Probe x2  
  87  6:10  Adept, Pylon  
  95  6:11  Adept  
  95  6:12  Void Ray (Chrono Boost)  
  93  6:37  Zealot x3  
  93  6:44  Adept  
  95  6:49  Void Ray (Chrono Boost)  
  99  6:55  Zealot, Void Ray (Chrono Boost)  
  97  7:11  Zealot x2  
  97  7:12  Adept  
  103  7:19  Void Ray  
  101  7:24  Zealot x2  
  109  7:32  Pylon  
  109  7:41  Probe  
  109  7:43  Shield Battery  
  102  7:49  Zealot  
  100  8:03  Probe x2  
  100  8:09  Zealot x3  
  100  8:10  Void Ray (Chrono Boost)  
  104  8:15  Nexus  
  104  8:16  Cybernetics Core  
  104  8:18  Pylon  
  108  8:32  Pylon  
  108  8:35  Pylon  
  108  8:37  Void Ray (Chrono Boost)  
  112  8:50  Void Ray  
  112  8:54  Adept x5  
  124  9:17  Adept x5  
  126  9:24  Probe x2  
  132  9:27  Probe  
  133  9:36  Probe x2  
  135  9:40  Probe  
  109  9:47  Adept x3  
  109  9:48  Probe x2  
Show
View Real Time Build Order
Export as new Build Order

Serral Zerg - Winner!

Build Orders: Hatch First 

Get SALT Encoding   

  12  0:00  Drone  
  13  0:12  Overlord  
  13  0:16  Drone  
  14  0:31  Drone x2  
  16  0:41  Drone  
  17  0:51  Hatchery  
  17  0:55  Drone  
  17  0:58  Drone  
  18  1:09  Extractor  
  17  1:12  Spawning Pool  
  17  1:16  Drone  
  17  1:19  Drone  
  18  1:28  Drone  
  19  1:38  Drone  
  20  1:49  Overlord  
  20  1:59  Queen  
  22  2:04  Zergling x4, Queen  
  26  2:09  Metabolic Boost  
  26  2:11  Drone  
  26  2:14  Drone  
  28  2:25  Drone x2  
  30  2:33  Drone  
  30  2:35  Drone  
  32  2:42  Hatchery  
  31  2:46  Queen  
  33  2:51  Overlord  
  33  2:54  Drone  
  33  2:57  Drone  
  35  2:59  Drone  
  36  3:13  Drone  
  36  3:14  Overlord, Drone x3  
  36  3:17  Drone  
  36  3:19  Spore Crawler  
  40  3:22  Queen  
  40  3:26  Zergling x2  
  43  3:27  Zergling x2  
  43  3:33  Drone  
  45  3:39  Drone  
  46  3:42  Drone  
  46  3:43  Zergling x4  
  46  3:46  Overlord  
  50  3:48  Drone  
  50  3:53  Drone  
  50  3:54  Queen  
  54  3:55  Drone x3  
  54  3:58  Lair  
  56  4:10  Spore Crawler  
  56  4:11  Drone x4  
  56  4:15  Extractor  
  58  4:17  Extractor  
  58  4:18  Spore Crawler  
  58  4:22  Drone  
  58  4:23  Roach Warren  
  56  4:28  Drone  
  56  4:30  Queen  
  59  4:33  Drone x2  
  59  4:34  Drone x2  
  59  4:37  Overlord  
  63  4:41  Overlord  
  63  4:42  Drone  
  64  4:46  Pneumatized Carapace  
  64  4:50  Overlord  
  64  4:52  Overlord  
  64  4:55  Overlord  
  64  5:10  Roach x6  
  76  5:16  Roach x2  
  80  5:21  Roach  
  80  5:25  Overlord  
  80  5:26  Zergling x6  
  85  5:30  Zergling x8  
  88  5:43  Ravager  
  88  5:44  Ravager  
  88  5:45  Overlord  
  88  5:46  Zergling x16  
  88  5:49  Ravager  
  99  5:57  Queen x2  
  99  5:59  Ravager  
  104  6:06  Overlord  
  104  6:08  Zergling x2  
  104  6:10  Overlord x2  
  105  6:16  Queen  
  105  6:23  Extractor  
  105  6:24  Hydralisk Den  
  102  6:29  Zergling x20  
  108  6:39  Zergling x8  
  101  6:41  Ravager x3  
  101  6:45  Zergling x4  
  104  6:51  Queen x2  
  104  6:53  Drone x2  
  106  6:56  Drone  
  106  7:00  Drone  
  105  7:05  Grooved Spines  
  100  7:09  Drone x3  
  99  7:21  Drone x5  
  97  7:30  Drone x5  
  97  7:36  Queen  
  102  7:41  Drone x3  
  101  7:45  Queen x2  
  101  7:46  Hydralisk x2  
  101  7:51  Hydralisk  
  100  7:53  Hydralisk  
  100  7:57  Hydralisk x2  
  102  7:58  Evolution Chamber  
  102  7:59  Hydralisk  
  102  8:02  Hydralisk  
  102  8:04  Hydralisk  
  103  8:06  Hydralisk  
  99  8:15  Extractor x2, Hatchery  
  99  8:16  Hydralisk x4  
  99  8:18  Overseer  
  104  8:27  Drone  
  104  8:28  Drone x2  
  104  8:31  Hydralisk  
  104  8:32  Zergling x8  
  113  8:38  Muscular Augments  
  111  8:42  Overlord x3  
  111  8:47  Hydralisk x2  
  113  8:55  Hydralisk x3  
  113  9:01  Baneling Nest  
  116  9:05  Hydralisk x3  
  122  9:15  Hydralisk x3  
  124  9:26  Hydralisk  
  124  9:27  Hydralisk x3  
  131  9:36  Zergling x20  
  137  9:40  Hydralisk x2  
Tags
 
Add a new tag
Caveats
  • Supply blocks, unpowered buildings, or Contaminate may cause inaccurate times.
  • Supply counts are checked every 10 seconds.